 Dungeon Sprint DCSS version 0.21.1-1-g345015f (webtiles) character file.

1230 Fang the Cleaver (level 8, -4/87 HPs)
             Began as a Gargoyle Berserker on June 11, 2018.
             Was the Champion of Trog.
             Slain by a yak (9 damage)
             ... in the Dungeon (Sprint VII: "The Pits").
             The game lasted 00:03:32 (1117 turns).

Fang the Cleaver (Gargoyle Berserker)               Turns: 1117, Time: 00:03:32

Health: -4/87      AC:  8    Str: 29    XL:     8   Next: 48%
Magic:  8/8        EV: 15    Int:  7    God:    Trog [******]
Gold:   0          SH:  0    Dex:  9    Spells: 7/7 levels left

rFire    . . .     SeeInvis .   m - +2 hand axe (chop)
rCold    . . .     Gourm    .   (no shield)
rNeg     + . .     Faith    .   b - +0 animal skin
rPois    ∞         Spirit   .   (no helmet)
rElec    +         Reflect  .   (no cloak)
rCorr    .         Harm     .   (no gloves)
MR       .....     NoTele   +   (no boots)
Stlth    ..........             (no amulet)
HPRegen  0.24/turn              (no ring)
MPRegen  0.11/turn              (no ring)

@: berserking (expiring), slowed
A: negative energy resistance 1, electricity resistance, unbreathing,
petrification resistance, rot immunity, AC +5
a: Berserk, Trog's Hand, Brothers in Arms, Burn Spellbooks, Renounce Religion


You were in the Dungeon.
You worshipped Trog.
Trog was exalted by your worship.
You were hungry.

You visited 1 branch

Inventory:

Hand Weapons
 j - a +2 hand axe
 m - a +2 hand axe of chopping (weapon)
Missiles
 n - 6 poisoned javelins (quivered)
Armour
 b - a +0 animal skin (worn)
Scrolls
 i - a scroll of blinking
 k - 3 scrolls of remove curse
 l - a scroll of summoning
Potions
 a - 2 potions of invisibility
 d - 6 potions of curing
 e - 6 potions of heal wounds
 f - a potion of haste
 g - 4 potions of magic
 h - 3 potions of berserk rage
Comestibles
 c - 8 rations


   Skills:
 + Level 10.4 Fighting
 + Level 11.8 Axes
 + Level 4.4 Armour
 + Level 6.7 Dodging
 + Level 4.5 Stealth


You had 7 spell levels left.
You didn't know any spells.

Dungeon Overview and Level Annotations

Branches:
Dungeon (1/1)

Altars:
Cheibriados
Dithmenos
Elyvilon
Fedhas
Gozag
Hepliaklqana
Makhleb
Nemelex Xobeh
Okawaru
Qazlal
Ru
Sif Muna
Trog
Vehumet
Wu Jian
Xom
Yredelemnul
Zin
The Shining One
Beogh
Jiyva
Lugonu


Innate Abilities, Weirdness & Mutations

You are resistant to torment.
Your stone body is resilient. (AC +5)
You are immune to poison.
You resist negative energy. (rN+)
You are resistant to electric shocks. (rElec)
You can survive without breathing.
You are immune to petrification.
You are immune to rotting.


Message History

The warg barely misses you. The yak barely misses you.
Unknown command.
You slash the warg!
You kill the warg!
Trog accepts your kill.
You hit the yak. You barely miss the yak. The yak barely misses you.
The yak misses you.
Unknown command.
You slash the yak!
The yak is heavily wounded.
You slash the yak! You hit the yak. The yak gores you!
* * * LOW HITPOINT WARNING * * *
Unknown command.
You barely miss the yak.
The yak is heavily wounded.
You barely miss the yak. You hit the yak. The yak misses you. x2
You barely miss the yak.
The yak is heavily wounded.
You slash the yak! You hit the yak. The yak gores you!
You die...

#.##'#..#'###...<...#
#.#........##.......#
#.#........##.......#
#'###########.......#
#)).....#..##########
#.###...#)######
#)#.....#†#....#
#.#...#.#'#Y...#
#.....#.#.@Y...+
#...###.#'#Y...#
#.......'.#....#
################


You could see 3 yaks.

Vanquished Creatures
  A bog body (D)
  A yak (D)
  A warg (D)
  Menkaure (D)
  2 water moccasins (D)
  A soldier ant (D)
  An ogre (D)
  A gnoll sergeant (D)
  A crimson imp (D)
  A jelly (D)
  A hound (D)
  A worker ant (D)
  6 gnolls (D)
  A river rat (D)
  An adder (D)
  2 adder skeletons (D)
  2 ball pythons (D)
  A bat (D)
  A giant cockroach (D)
  A goblin (D)
  A quokka (D)
  A giant cockroach zombie (D)
30 creatures vanquished.

Vanquished Creatures (others)
  A titan (D)
  A sphinx (D)
  A blizzard demon (D)
3 creatures vanquished.

Grand Total: 33 creatures vanquished

Notes
Turn   | Place    | Note
-------+----------+-------------------------------------------
     0 | D        | Fang the Gargoyle Berserker began the quest for the Orb.
     0 | D        | Reached XP level 1. HP: 14/14 MP: 1/1
    12 | D        | Killed a sphinx
    17 | D        | Reached skill level 3 in Axes
    18 | D        | Killed a titan
    20 | D        | Killed a blizzard demon
    24 | D        | Found a bloodstained altar of Trog.
    24 | D        | Found a deep blue altar of Sif Muna.
    24 | D        | Found a viscous altar of Jiyva.
    24 | D        | Found a hazy altar of Hepliaklqana.
    24 | D        | Found an opulent altar of Gozag.
    56 | D        | Found a glowing golden altar of the Shining One.
    56 | D        | Found a glowing silver altar of Zin.
    56 | D        | Found a basalt altar of Yredelemnul.
    56 | D        | Found a shimmering altar of Xom.
    56 | D        | Found an ornate altar of the Wu Jian Council.
    56 | D        | Found a sacrificial altar of Ru.
    56 | D        | Found a stormy altar of Qazlal.
    56 | D        | Found an iron altar of Okawaru.
    56 | D        | Found a sparkling altar of Nemelex Xobeh.
    56 | D        | Found a burning altar of Makhleb.
    56 | D        | Found a blossoming altar of Fedhas.
    56 | D        | Found a white marble altar of Elyvilon.
    56 | D        | Found a shadowy altar of Dithmenos.
    56 | D        | Found a snail-covered altar of Cheibriados.
    59 | D        | Found a corrupted altar of Lugonu.
    59 | D        | Found a radiant altar of Vehumet.
    59 | D        | Found a roughly hewn altar of Beogh.
    86 | D        | Reached ** piety under Trog
   111 | D        | Reached XP level 2. HP: 11/20 MP: 2/2
   356 | D        | Noticed a water moccasin
   357 | D        | Reached *** piety under Trog
   357 | D        | Reached skill level 4 in Axes
   365 | D        | Reached skill level 5 in Fighting
   365 | D        | Reached XP level 3. HP: 26/26 MP: 3/3
   371 | D        | Killed a water moccasin
   371 | D        | Reached skill level 6 in Axes
   371 | D        | Reached XP level 4. HP: 32/32 MP: 4/4
   371 | D        | Reached XP level 5. HP: 37/37 MP: 5/5
   477 | D        | Reached **** piety under Trog
   478 | D        | Noticed Menkaure
   485 | D        | Reached skill level 7 in Axes
   488 | D        | Reached skill level 1 in Stealth
   496 | D        | Reached ***** piety under Trog
   496 | D        | Reached skill level 8 in Axes
   496 | D        | Reached XP level 6. HP: 28/44 MP: 6/6
   515 | D        | Received a gift from Trog
   530 | D        | Killed Menkaure
   530 | D        | Reached skill level 9 in Axes
   530 | D        | Reached skill level 5 in Dodging
   530 | D        | Reached XP level 7. HP: 13/50 MP: 7/7
   793 | D        | Noticed a soldier ant
   803 | D        | Killed a soldier ant
   803 | D        | Reached skill level 10 in Axes
  1009 | D        | Reached ****** piety under Trog
  1014 | D        | Reached skill level 11 in Axes
  1104 | D        | Noticed a warg
  1104 | D        | Noticed a bog body
  1104 | D        | Noticed a yak
  1104 | D        | Noticed a yak
  1104 | D        | Noticed a yak
  1104 | D        | Noticed a yak
  1110 | D        | Killed a yak
  1110 | D        | Reached skill level 10 in Fighting
  1110 | D        | Reached XP level 8. HP: 23/57 MP: 8/8
  1112 | D        | Killed a bog body
  1112 | D        | Received a gift from Trog
  1117 | D        | Slain by a yak

Skill      XL: |  1  2  3  4  5  6  7  8 |
---------------+-------------------------+-----
Axes           | 3 4 6 8 9 11 | 11.8
Fighting       | 4 5 6 7 8 10 | 10.4
Dodging        | 2 3 4 5 6 |  6.7
Armour         | 3 4 |  4.4
Stealth        | 1 3 4 |  4.5

Action                   |  1- 3 |  4- 6 |  7- 9 || total
-------------------------+-------+-------+-------++-------
Melee: Hand axe          |    31 |    38 |    36 ||   105
Invok: Berserk           |     1 |     1 |     3 ||     5
 Stab: Sleeping          |       |       |     2 ||     2
  Eat: Ration            |       |       |     1 ||     1
       Chunk             |       |       |     1 ||     1
Armor: Animal skin       |    15 |    10 |     3 ||    28
Dodge: Dodged            |    41 |    31 |    21 ||    93
